Map: Cyber Forest LE

Players

Ragnarok (SHIN)

  • Race: Zerg Zerg
  • Spawn Location: 5:00

Serral - Winner!

  • Race: Zerg Zerg
  • Spawn Location: 11:00

Event: IEM Season 13: Katowice (2019)

VOD

Have the link to the VOD?

Description

Time

  • Played on: March 1, 2019, 6:46 a.m.
  • Length: 10:01

All games in this series

Show
View Real Time Build Order
Export as new Build Order

Ragnarok Zerg 

Build Orders: Hatch First 

Get SALT Encoding   

  12  0:00  Drone  
  13  0:12  Overlord  
  13  0:17  Drone  
  14  0:31  Drone x2  
  16  0:47  Hatchery  
  15  0:51  Drone  
  15  0:54  Drone  
  17  1:08  Spawning Pool  
  17  1:11  Drone  
  17  1:15  Drone  
  17  1:18  Drone  
  19  1:25  Extractor  
  19  1:28  Drone  
  19  1:43  Overlord  
  19  1:50  Drone  
  20  1:55  Queen  
  20  1:59  Queen  
  20  2:00  Drone x2  
  26  2:10  Drone  
  26  2:11  Drone  
  28  2:21  Drone x2  
  30  2:31  Queen, Drone  
  30  2:33  Drone  
  34  2:41  Evolution Chamber  
  34  2:44  Overlord, Drone  
  33  2:45  Lair  
  34  2:54  Drone  
  34  2:55  Drone  
  36  2:58  Roach Warren  
  36  3:03  Drone x3  
  38  3:08  Zerg Missile Weapons Level 1  
  38  3:10  Drone  
  39  3:15  Extractor  
  39  3:16  Extractor, Drone x2  
  39  3:21  Overlord  
  39  3:24  Drone  
  39  3:26  Drone  
  41  3:33  Drone x2  
  43  3:42  Glial Reconstitution  
  43  3:43  Drone x3  
  43  3:44  Drone  
  43  3:46  Drone  
  48  3:49  Overlord  
  48  3:50  Overseer  
  48  3:54  Roach  
  48  3:55  Roach  
  52  4:00  Overlord  
  52  4:10  Hatchery  
  52  4:13  Roach  
  52  4:16  Roach  
  55  4:19  Roach  
  55  4:20  Roach  
  55  4:22  Roach  
  61  4:25  Overlord  
  61  4:27  Overseer  
  61  4:29  Roach  
  63  4:36  Roach, Overlord  
  63  4:37  Roach  
  67  4:40  Overseer  
  67  4:43  Overlord  
  67  4:44  Roach  
  69  4:49  Roach x2  
  69  4:51  Roach  
  75  4:55  Overlord  
  75  4:57  Roach  
  77  5:05  Drone x3  
  77  5:06  Drone  
  81  5:09  Zerg Missile Weapons Level 2  
  81  5:10  Extractor  
  81  5:13  Overseer  
  80  5:20  Drone x2  
  80  5:21  Roach x3  
  88  5:24  Drone x2  
  90  5:32  Overlord  
  90  5:33  Roach x2  
  94  5:36  Drone x3  
  97  5:44  Tunneling Claws, Burrow  
  97  5:45  Overlord  
  97  5:47  Drone  
  97  5:49  Drone  
  99  5:53  Overlord  
  99  5:55  Roach  
  103  5:57  Roach  
  103  6:00  Roach x2  
  107  6:06  Roach x2  
  107  6:07  Roach  
  107  6:10  Roach  
  109  6:12  Roach  
  109  6:13  Roach  
  109  6:15  Roach  
  109  6:17  Roach  
  113  6:21  Roach  
  111  6:28  Roach x4  
  111  6:29  Roach  
  111  6:31  Roach  
  111  6:32  Roach  
  111  6:37  Roach x2  
  113  6:43  Nydus Network  
  113  6:46  Roach x2  
  116  6:48  Roach, Overlord  
  116  6:51  Roach  
  116  6:53  Roach x10, Overlord  
  116  6:54  Roach x3  
  120  6:57  Roach x2  
  120  6:58  Roach x5  
  120  6:59  Roach  
  126  7:01  Roach  
  126  7:03  Roach  
  126  7:06  Overlord  
  126  7:08  Roach  
  132  7:11  Roach  
  132  7:14  Roach  
  134  7:18  Roach x3  
  134  7:20  Roach  
  134  7:22  Drone x2  
  140  7:24  Roach  
  140  7:28  Roach x2  
  146  7:32  Roach x2  
  146  7:34  Nydus Canal  
  148  7:37  Roach  
  148  7:38  Roach  
  148  7:40  Roach  
  146  7:47  Roach  
  146  7:48  Nydus Canal  
  146  7:49  Roach  
  142  7:52  Roach, Overlord  
  142  7:54  Roach  
  142  7:56  Roach x3  
  142  7:57  Roach  
  144  8:02  Drone x5, Nydus Canal  
  144  8:05  Roach  
  151  8:06  Roach  
  151  8:07  Extractor  
  151  8:09  Roach  
  151  8:10  Roach  
  158  8:13  Roach  
  158  8:14  Roach  
  158  8:15  Drone  
  158  8:16  Drone x2  
  158  8:19  Roach x3  
  151  8:20  Roach x2  
  151  8:24  Roach  
  157  8:29  Roach x2  
  157  8:30  Roach  
  157  8:32  Overlord  
  157  8:33  Overlord  
  161  8:37  Overlord  
  161  8:42  Overlord  
  161  8:43  Roach  
  161  8:47  Nydus Canal  
  159  8:51  Roach  
  159  8:52  Roach, Overlord  
  159  8:54  Extractor  
  162  9:01  Ravager x4  
  166  9:04  Roach x6  
  166  9:07  Roach, Hatchery  
  166  9:08  Roach x2  
  171  9:12  Roach, Overlord  
  173  9:18  Roach x3  
  171  9:26  Roach x4  
  171  9:29  Zergling x2  
  171  9:30  Roach  
  176  9:32  Roach  
  176  9:35  Roach x2  
  176  9:37  Roach  
  176  9:39  Roach  
  176  9:40  Roach  
  176  9:42  Roach  
Show
View Real Time Build Order
Export as new Build Order

Serral Zerg - Winner!

Build Orders: Hatch First 

Get SALT Encoding   

  12  0:00  Drone  
  13  0:12  Overlord  
  13  0:16  Drone  
  14  0:31  Drone x2  
  16  0:48  Hatchery  
  15  0:51  Drone  
  15  0:54  Drone  
  17  1:08  Spawning Pool  
  17  1:10  Extractor  
  15  1:13  Drone  
  15  1:17  Drone  
  17  1:20  Drone  
  18  1:28  Drone  
  19  1:39  Drone  
  20  1:51  Overlord  
  20  1:55  Queen  
  20  2:00  Queen  
  24  2:01  Drone x2  
  26  2:11  Drone x2  
  28  2:21  Drone  
  28  2:22  Drone  
  30  2:32  Overlord  
  30  2:33  Drone  
  33  2:37  Lair  
  33  2:41  Evolution Chamber  
  30  2:44  Drone x2  
  32  2:53  Drone  
  32  2:54  Drone  
  34  2:59  Roach Warren  
  34  3:03  Zergling x2  
  34  3:04  Drone x2  
  36  3:07  Zerg Missile Weapons Level 1, Drone x2  
  36  3:08  Drone  
  36  3:11  Drone  
  40  3:14  Drone  
  41  3:26  Hatchery  
  40  3:29  Overlord  
  40  3:31  Drone  
  40  3:32  Drone  
  40  3:34  Drone  
  43  3:37  Extractor x2, Drone  
  43  3:40  Glial Reconstitution  
  42  3:42  Drone  
  42  3:44  Drone  
  42  3:47  Overseer  
  42  3:48  Drone  
  45  3:49  Drone  
  45  3:52  Overlord  
  45  3:56  Roach  
  45  4:02  Roach  
  49  4:07  Overlord  
  51  4:10  Roach  
  51  4:11  Overlord  
  51  4:14  Roach x2  
  55  4:17  Roach  
  55  4:21  Overlord  
  55  4:23  Roach  
  59  4:28  Overlord  
  59  4:31  Overlord x2  
  59  4:34  Roach x2  
  63  4:38  Queen  
  63  4:43  Drone x2  
  63  4:44  Drone  
  68  4:46  Drone x2  
  68  4:51  Overlord  
  70  4:53  Drone x2  
  70  4:59  Roach  
  74  5:00  Roach x2  
  74  5:04  Zerg Missile Weapons Level 2  
  78  5:09  Roach x2  
  82  5:14  Roach x2  
  82  5:18  Overlord  
  90  5:21  Roach x2  
  90  5:24  Overlord  
  90  5:29  Overlord  
  90  5:31  Extractor  
  90  5:33  Roach  
  90  5:34  Roach x2  
  95  5:39  Roach x2  
  95  5:40  Roach  
  101  5:46  Overlord  
  101  5:47  Roach  
  101  5:48  Roach  
  105  5:56  Drone x4  
  109  5:59  Overlord  
  109  6:00  Drone  
  109  6:03  Drone x2  
  109  6:04  Drone  
  105  6:12  Roach x4  
  107  6:20  Drone  
  107  6:24  Roach x6  
  116  6:30  Extractor  
  103  6:35  Roach x3  
  103  6:39  Roach x3  
  109  6:41  Drone x3  
  109  6:46  Pneumatized Carapace  
  112  6:49  Ravager x2  
  112  6:50  Roach x3  
  120  6:56  Roach  
  120  7:01  Roach x4  
  130  7:05  Overseer  
  130  7:09  Evolution Chamber  
  130  7:10  Roach x3  
  135  7:19  Overseer  
  135  7:20  Roach  
  135  7:21  Roach x3  
  141  7:29  Drone  
  142  7:33  Zerg Ground Armor Level 1  
  142  7:34  Roach  
  142  7:35  Overlord  
  142  7:36  Overlord  
  144  7:37  Drone x2  
  144  7:40  Drone  
  144  7:41  Drone  
  148  7:45  Roach  
  148  7:46  Roach x2  
  154  7:53  Overlord x2  
  154  7:54  Overlord x2  
  154  7:56  Overlord  
  154  8:00  Overseer  
  154  8:01  Overseer  
  154  8:02  Overlord  
  154  8:09  Roach  
  154  8:10  Roach x6  
  162  8:21  Roach x3  
  162  8:23  Ravager x2  
  167  8:31  Roach x4  
  175  8:37  Queen  
  175  8:38  Overlord  
  175  8:40  Drone x2  
  178  8:42  Roach  
  178  8:48  Roach x3  
  186  8:53  Overseer  
  186  9:00  Ravager x2  
  186  9:02  Roach x2  
  192  9:05  Hatchery  
  191  9:12  Roach  
  191  9:13  Roach x3  
  199  9:28  Roach  
  199  9:35  Roach x3  

Tags
 
Add a new tag
Caveats
  • Supply blocks, unpowered buildings, or Contaminate may cause inaccurate times.
  • Supply counts are checked every 10 seconds.